 Dungeon Crawl Stone Soup version 0.31-a0-844-gdc52ec4e09 (webtiles) character file.

Game seed: 7260745524587940811

359 BinkBink the Trooper (level 6, 0/40 HPs)
             Began as a Gargoyle Fighter on Sept 30, 2023.
             Slain by Eustachio
             ... wielding a +3 falchion of flaming
              (10 damage)
             ... on level 4 of the Dungeon.
             The game lasted 00:06:39 (3612 turns).

BinkBink the Trooper (Gargoyle Fighter)             Turns: 3612, Time: 00:06:39

Health: 0/40       AC: 20    Str: 31    XL:     6   Next: 65%
Magic:  6/6        EV:  7    Int: 10    God:
Gold:   240        SH:  4    Dex:  8    Spells: 5/5 levels left

rFire   + . .        a - +0 flail
rCold   + . .        c - +0 buckler
rNeg    + + +        h - +1 plate armour
rPois   ∞            o - +0 hat
rElec   +            (no cloak)
rCorr   .            g - +2 pair of gloves
SInv    .            (no boots)
Will    .....        (no amulet) Stlth
                     r - +6 ring of strength
HPRegen 0.26/turn    m - ring "Bicregepp" {rF+ rC+ rN++ Int+2}
MPRegen 0.10/turn

%: no passive effects
@: mighty
A: sickness immunity, AC +4, negative energy resistance 1, electricity
resistance, torment resistance 1, petrification resistance, strong 1
a: no special abilities


You were on level 4 of the Dungeon.
You visited 1 branch of the dungeon, and saw 4 of its levels.

You collected 240 gold pieces.

Inventory:

Hand Weapons
 a - a +0 flail (weapon)
Armour
 c - a +0 buckler (worn)
 g - a +2 pair of gloves (worn)
 h - a +1 plate armour (worn)
 o - a +0 hat (worn)
Jewellery
 l - a ring of magical power
 m - the ring "Bicregepp" (right hand) {rF+ rC+ rN++ Int+2}
   (You found it on level 2 of the Dungeon)

   [ring of protection from fire]

   Int+2:     It affects your intelligence (+2).
   rF+:       It protects you from fire.
   rC+:       It protects you from cold.
   rN++:      It greatly protects you from negative energy.
 r - a +6 ring of strength (left hand)
Scrolls
 b - a scroll of identify {unknown}
 e - 2 scrolls of teleportation
 f - a scroll of butterflies {unknown}
Potions
 d - a potion of might
 i - 2 potions of heal wounds {unknown}
 j - 2 potions of mutation
 k - a potion of magic {unknown}
 n - a potion of degeneration {unknown}
 p - 2 potions of curing


   Skills:
 + Level 4.9 Fighting
 + Level 3.7 Maces & Flails
 + Level 4.8 Armour
 + Level 4.8 Shields


You had 5 spell levels left.
You didn't know any spells.
Your spell library contained the following spells:

 Spells                   Type           Power      Damage    Failure   Level
 Apportation              Tloc           0%         N/A       98%         1
 Kiss of Death            Conj/Necr      0%         2d5       98%         1
 Necrotise                Necr           0%         1d4       98%         1
 Summon Small Mammal      Summ           0%         N/A       98%         1
 Confusing Touch          Hex            0%         N/A       100%        3
 Cause Fear               Hex            0%         N/A       100%        4
 Dispel Undead            Necr           0%         3d6       100%        4
 Fireball                 Conj/Fire      0%         3d3       100%        5
 Simulacrum               Ice/Necr       0%         N/A       100%        6
 Ozocubu's Refrigeration  Ice            0%         4d7       100%        7
 Dragon's Call            Summ           0%         N/A       100%        9
 Polar Vortex             Ice            0%         N/A       100%        9


Dungeon Overview and Level Annotations

Branches:
Dungeon (4/15)
 Temple: D:4-7

Altars:

Annotations:
D:4 2 runed translucent doors, Eustachio


Innate Abilities, Weirdness & Mutations

You are immune to sickness and miasma.
Your stone body is resilient. (AC +4)
You are immune to poison.
You resist negative energy. (rN+)
You are resistant to electric shocks. (rElec)
You are resistant to unholy torment.
You are immune to petrification.
Your muscles are strong. (Str +4, Int/Dex -1)


Message History

Eustachio is heavily wounded.
You block Eustachio's attack.
You hit Eustachio.
Eustachio is heavily wounded.
Eustachio hits you with a +3 falchion of flaming.
You barely miss Eustachio.
Eustachio is heavily wounded.
Eustachio casts a spell.
Eustachio blinks!
Eustachio hits you with a +3 falchion of flaming.
You are too injured to fight recklessly!
You are too injured to fight recklessly!
You are too injured to fight recklessly!
You are too injured to fight recklessly!
You are too injured to fight recklessly!
You barely miss Eustachio.
Eustachio is heavily wounded.
Eustachio gestures wildly while chanting.
Eustachio blinks!
You barely miss Eustachio.
Eustachio is heavily wounded.
Eustachio hits you with a +3 falchion of flaming.
You barely miss Eustachio.
Eustachio is heavily wounded.
Eustachio hits you with a +3 falchion of flaming!
* * * LOW HITPOINT WARNING * * *
It was a potion of curing.
You feel better. Eustachio closely misses you.
It was a potion of mutation.
You feel extremely strange.
You feel stronger. Eustachio barely misses you.
You feel very mighty all of a sudden.
Eustachio hits you with a +3 falchion of flaming.
* * * LOW HITPOINT WARNING * * *
Eustachio burns you.
* * * LOW HITPOINT WARNING * * *
You hit Eustachio.
Eustachio is severely wounded.
Eustachio hits you with a +3 falchion of flaming!
You die...
Eustachio twirls his moustache.

#.### #...# #..#..# ###
##.## #..#..# ###.##
#..#..# ###....##
#....## ##...##(.##
##......
####..#####..###.#####.
#...### ##.....# ##
#...########..#..# #.
#.##.@@)..##..#..## #.
#.###.##.....###..# ##.
### #.######..##..###..
### #..# ##..<.#...##.#
#.# ##.###.............
#.## #.#.....@.........
##.###...##......#####.
#.##..####.......# #.
##....# #.......####.


You could see Eustachio.

Vanquished Creatures
  A scorpion (D:4)
  2 hounds (D:4)
  An orc priest (D:3)
  2 orc wizards (D:4)
  Robin (D:2)
  3 adders
  3 worms
  2 dart slugs (D:2)
  7 orcs
  10 endoplasms
  4 giant cockroaches
  10 goblins
  14 hobgoblins
  7 jackals (D:1)
  6 kobolds
  3 quokkas
  7 ball pythons
  4 bats
  2 frilled lizards (D:1)
  7 rats
96 creatures vanquished.

Notes
Turn   | Place    | Note
-------+----------+-------------------------------------------
     0 | D:1      | BinkBink the Gargoyle Fighter began the quest for the Orb.
     0 | D:1      | Reached XP level 1. HP: 14/14 MP: 1/1
    90 | D:1      | Reached XP level 2. HP: 13/19 MP: 2/2
   247 | D:1      | Reached XP level 3. HP: 20/23 MP: 3/3
   767 | D:2      | Reached XP level 4. HP: 29/29 MP: 4/4
   850 | D:2      | Identified the ring "Bicregepp" {rF+ rC+ rN++ Int+2}
  1065 | D:2      | Noticed Robin
  1099 | D:2      | Killed Robin
  1561 | D:3      | Reached XP level 5. HP: 29/33 MP: 5/5
  2290 | D:4      | Noticed Eustachio
  2970 | D:4      | Reached XP level 6. HP: 25/39 MP: 6/6
  3109 | D:4      | Found a large runed translucent door.
  3141 | D:4      | Found a large runed translucent door.
  3610 | D:4      | Gained mutation: Your muscles are strong. (Str +4, Int/Dex
                  | -1) [potion of mutation]
  3612 | D:4      | Slain by Eustachio

Illustrated notes

Levels and vault maps discovered:
D:1:      nzn_arrival_water_spiral, layout_basic
D:2:      layout_basic, uniq_robin
D:3:      layout_basic
D:4:      layout_layer_cave, jmf_multi_god_temple2, uniq_eustachio

Skill      XL: |  1  2  3  4 |
---------------+-------------+-----
Fighting       | 4 |  4.9
Armour         | 4 |  4.8
Shields        | 4 |  4.8
Maces & Flails | 3 |  3.7

Action                     |  1- 3 |  4- 6 || total
---------------------------+-------+-------++-------
  Melee: Flail             |   134 |   282 ||   416
    Use: Scroll            |       |     6 ||     6
         Potion            |       |     3 ||     3
 Armour: Scale mail        |    22 |       ||    22
         Plate armour      |   112 |   308 ||   420
  Dodge: Dodged            |    50 |   101 ||   151
  Block: Buckler           |    43 |    66 ||   109

Table legend: (Time is in decaauts)
 A = Elapsed time spent in this place.
 B = Non-inter-level travel time spent in this place.
 C = Inter-level travel time spent in this place.
 D = Time resting spent in this place.
 E = Time spent auto-exploring this place.
 F = Levels seen in this place.
 G = Mean time per level.
                   A        B        C        D        E       F      G
               +--------+--------+--------+--------+--------+-----+--------+
         Total |   3730 |   3617 |    113 |     37 |   2618 |   4 |  932.5 |
       Dungeon |   3730 |   3617 |    113 |     37 |   2618 |   4 |  932.5 |
               +--------+--------+--------+--------+--------+-----+--------+

Top non-repeatable levels by time:
     D:4: 1219 daAuts
     D:3: 1204 daAuts
     D:1: 739 daAuts
     D:2: 566 daAuts
